 Dungeon Crawl Stone Soup version 0.31-a0-18-gea43df2a32 (webtiles) character file.

Game seed: 2321956878804472381

56 IdlyInterested the Twirler (level 3, 0/27 HPs)
             Began as a Demonspawn Gladiator on May 10, 2023.
             Slain by Ijyb
             ... wielding a +1 dagger of venom
              (1 damage)
             ... on level 3 of the Dungeon.
             The game lasted 00:03:21 (1220 turns).

IdlyInterested the Twirler (Demonspawn Gladiator)   Turns: 1220, Time: 00:03:23

Health: 0/27       AC:  7    Str: 14    XL:     3   Next: 69%
Magic:  5/5        EV: 10    Int: 11    God:
Gold:   122        SH:  0    Dex: 14    Spells: 5/5 levels left

rFire   . . .        a - +0 quarterstaff
rCold   . . .        (shield currently unavailable)
rNeg    . . .        n - +0 scale mail
rPois   .            c - +0 helmet
rElec   .            (no cloak)
rCorr   .            (no gloves)
SInv    .            (no boots)
Will    +....        j - amulet of regeneration Stlth
                     o - ring of willpower
HPRegen 1.04/turn    (no ring)
MPRegen 0.09/turn

%: no passive effects
@: lethally poisoned (0 -> -6)
A: demonic touch 1
a: no special abilities


You were on level 3 of the Dungeon.
You visited 1 branch of the dungeon, and saw 4 of its levels.

You collected 122 gold pieces.

Inventory:

Hand Weapons
 a - a +0 quarterstaff (weapon)
 p - a +2 broad axe of freezing
Missiles
 d - 2 throwing nets
 h - 24 stones (quivered)
 l - 4 poisoned darts
Armour
 b - a +0 leather armour
 c - a +0 helmet (worn)
 n - a +0 scale mail (worn)
Jewellery
 j - an amulet of regeneration (around neck)
 o - a ring of willpower (left hand)
Scrolls
 f - a scroll of teleportation {unknown}
 g - 3 scrolls of blinking {unknown}
 i - a scroll of torment {unknown}
 k - 2 scrolls of identify {unknown}
 m - a scroll of noise {unknown}
Potions
 q - a potion of berserk rage {unknown}


   Skills:
 - Level 2.0 Fighting
 * Level 3.4 Staves
 - Level 1.7 Throwing
 - Level 1.0 Armour
 - Level 2.6 Dodging
 + Level 0.4 Stealth
 * Level 1.7 Spellcasting


You had 5 spell levels left.
You didn't know any spells.
Your spell library was empty.

Dungeon Overview and Level Annotations

Branches:
Dungeon (4/15)
 Temple: D:4-7

Altars:

Annotations:
D:3 Ijyb, Natasha, Robin


Innate Abilities, Weirdness & Mutations

Your touch may inflict minor irresistible damage on your foes.


Message History

You throw a throwing net. The throwing net barely misses Ijyb.
The throwing net hits Natasha.
Natasha is caught in the net!
Ijyb closely misses you.
Natasha struggles against the net.
You hit Ijyb but do no damage.
Ijyb hits you with a +1 dagger of venom.
You are poisoned.
Natasha mumbles some strange words.
Natasha struggles against the net.
Throw: javelin
Press: ? - help, Shift-Dir - straight line, f/p - Ijyb
Aim: Ijyb, wielding a +1 dagger of venom, wearing a +0 ring mail and carrying a wand of mindburst (10) (55% to hit)
You throw a javelin. The javelin pierces through Ijyb.
Ijyb is lightly wounded.
The javelin pierces through Natasha but does no damage.
The javelin pierces through the cerulean imp but does no damage.
You feel very sick.
Ijyb hits you with a +1 dagger of venom.
You are more poisoned.
Ijyb hits you with a +1 dagger of venom.
You are lethally poisoned!
Natasha struggles against the net.
You closely miss Ijyb.
Ijyb is lightly wounded.
You feel extremely sick.
Ijyb hits you with a +1 dagger of venom.
Natasha struggles against the net.
You closely miss Ijyb.
Ijyb is lightly wounded.
* * * LOW HITPOINT WARNING * * *
You feel very sick.
Natasha struggles against the net.
Ijyb zaps a wand.
You resist with significant effort.
You closely miss Ijyb.
Ijyb is lightly wounded.
* * * LOW HITPOINT WARNING * * *
You feel very sick.
Natasha struggles against the net.
Ijyb hits you with a +1 dagger of venom.
You die...

g.g.>...####)#.###.###.#
#######.# #.#.##.## ##.
#.# #.#.##..###.# #.#
#.#.##.#.#.## ###.#
#.#.#........ #...#
#.#.....#.##. #.#.#
#.........# . #.#.#
######...## #.#@# #...#
#.#g# #...# #.#h# #...
#.#5# #... ..$.# ... .(.
####


You could see Ijyb, Natasha (caught) and a cerulean imp (summoned).

Vanquished Creatures
  2 gnolls (D:1)
  A dart slug (D:1)
  5 ball pythons (D:1)
  3 endoplasms (D:1)
  7 goblins
  5 hobgoblins
  2 kobolds
  3 bats
  2 frilled lizards
  A rat (D:2)
31 creatures vanquished.

Notes
Turn   | Place    | Note
-------+----------+-------------------------------------------
     0 | D:1      | IdlyInterested the Demonspawn Gladiator began the quest for
                  | the Orb.
     0 | D:1      | Reached XP level 1. HP: 16/16 MP: 1/1
    62 | D:1      | Gained mutation: Your touch may inflict minor irresistible
                  | damage on your foes. [demonic ancestry]
    62 | D:1      | Reached XP level 2. HP: 22/22 MP: 1/3
   101 | D:1      | Reached skill level 3 in Staves
   111 | D:1      | Reached skill level 1 in Spellcasting
   355 | D:1      | Reached XP level 3. HP: 13/27 MP: 3/5
   427 | D:1      | Reached skill level 1 in Armour
  1098 | D:2      | You fall into a shaft and drop 2 floors!
  1159 | D:3      | Noticed Robin
  1208 | D:3      | Noticed Ijyb
  1211 | D:3      | Noticed Natasha
  1220 | D:3      | HP: 1/27 [poisoned by Ijyb]
  1220 | D:3      | Slain by Ijyb

Illustrated notes

Levels and vault maps discovered:
D:1:      amcnicky_arrival_wind_blow, layout_loops_ring, st_stairs_6,
          minmay_misc_feat_square, corner_web_ring, minmay_cut_off
D:2:      layout_basic, uniq_crazy_yiuf_cottage
D:3:      layout_loops_ring, minivault_27, uniq_robin, uniq_ijyb, uniq_terence,
          uniq_natasha
D:4:      layout_basic, minmay_temple_entry_hall

Skill      XL: |  1  2  3 |
---------------+----------+-----
Staves         | 3 |  3.4
Spellcasting   | 1 |  1.7
Armour         | 1 |  1.0
Fighting       | |  2.0
Throwing       | |  1.7
Dodging        | |  2.6
Stealth        | |  0.4

Action                     || total
---------------------------++-------
  Melee: Quarterstaff      ||   102
  Throw: Javelin           ||     1
         Throwing net      ||     1
    Use: Potion            ||     1
   Stab: Sleeping          ||     1
 Armour: Leather armour    ||    10
         Scale mail        ||    18
  Dodge: Dodged            ||    62

Table legend: (Time is in decaauts)
 A = Elapsed time spent in this place.
 B = Non-inter-level travel time spent in this place.
 C = Inter-level travel time spent in this place.
 D = Time resting spent in this place.
 E = Time spent auto-exploring this place.
 F = Levels seen in this place.
 G = Mean time per level.
                   A        B        C        D        E       F      G
               +--------+--------+--------+--------+--------+-----+--------+
         Total |   1233 |   1048 |    185 |     52 |    657 |   4 |  308.2 |
       Dungeon |   1233 |   1048 |    185 |     52 |    657 |   4 |  308.2 |
               +--------+--------+--------+--------+--------+-----+--------+

Top non-repeatable levels by time:
     D:1: 1007 daAuts
     D:3: 104 daAuts
     D:2: 99 daAuts
     D:4: 22 daAuts
